Arrhythmia, neutral female human Tourist ^ -r--- ------------ #.f@@| |...>......| #|rrr.# |..........| ------------ ----------- #-----# |...........############.....<.....-#######0+.........| ### # |..........| ###|..[.......| # |.........| # # |..........| ###...........| ####-.........| # # -------.---- ##0 |..........| # # |.........| # # # # |..........| ##### ----------- # # ### ### -.----#----- # # # # # # ####### ##### # # #### ### # # # ------# # --------------.- # ######## |!...-# 0###...............-## ## # |=...| ###|..............| ######## # |%?(.# #...............| #------.-# |.!).| |..............-##############|......|# |!%!%| ---------------- |.......# ------ |......| -------- Arrhythmia the Sightseer Experience level: 4 Strength: 10 Dexterity: 13 Constitution: 13 Intelligence: 13 Wisdom: 9 Charisma: 14 Health: 0(35) Energy: 19(19) AC: 7 Gold: 917 Moves: 2053 Your Inventory: Coins $ - 917 gold pieces Weapons a - 15 uncursed +2 darts (in quiver) v - an uncursed [+0] pronged polearm [lucern hammer] (weapon in hands) Armor j - an uncursed +0 Hawaiian shirt (being worn) B - an uncursed +0 ring mail (being worn) Comestibles b - an uncursed [stale] egg c - 6 uncursed food rations Scrolls i - 4 uncursed scrolls of magic mapping p - an uncursed scroll labeled LOREN IPSUM [of identify] q - a blessed scroll labeled NR 9 [of teleportation] D - an [uncursed] scroll labeled ACHAT SHTAYIM SHALOSH [of remove curse] Potions g - a blessed potion of extra healing h - an uncursed potion of extra healing m - an uncursed clear potion [of water] Tools k - an uncursed expensive camera (0:38) l - an uncursed credit card Gems r - an uncursed black gem [worthless glass] s - an uncursed yellowish brown gem [topaz] Spells known in the end: Name Level Category Fail Memory Your skills at the end: Fighting Skills Weapon Skills dart [Basic / Expert] Spellcasting Skills Final Attributes: You were devoutly aligned. Hunger level was 600. Your alignment was 18 / 20. Monster difficulty range was 0 - 3. Level difficulty was 3. Your luck was zero. You are dead. Vanquished creatures: a floating eye a kitten a homunculus 3 orc zombies 4 dwarf zombies 4 acid blobs a large kobold 2 giant rats a cave spider a yellow mold 2 geckos 2 jackals a kobold a sewer rat 3 grid bugs 6 lichens a kobold zombie 5 newts 40 creatures vanquished. Voluntary challenges: You were illiterate. You used a wielded weapon 7 times. You put on armor 3 times. You never genocided any monsters. You never polymorphed an object. You never changed form. You used no wishes. You never wrote Elbereth's name. You never encountered a bones level. You never used any Sokoban shortcuts. Dungeon overview: The Dungeons of Doom: levels 1 to 3 Level 1 a fountain, a sink a long staircase Level 2 a fountain a long staircase Level 3 <- You were here a general store, an altar to The Lady portal to Advent Calendar Advent Calendar: Level 3 many trees portal to The Dungeons of Doom History has recorded: On T:1 you entered the Dungeons of Doom to retrieve the Amulet of Yendor! On T:310 you advanced to experience level 2. On T:414 you reached level 2 of The Dungeons of Doom. On T:793 you reached level 3 of The Dungeons of Doom. On T:1187 you advanced to experience level 3. On T:1377 you reached level 1 of Advent Calendar. On T:1495 you advanced to experience level 4. Latest messages: The wererat hits! [HP-3=29] You miss the wererat. The wererat hits! [HP-5=24] You miss the wererat. The wererat summons help! The wererat hits! Katia misses the giant rat. Katia bites the giant rat. [HP-4=20] You hit the wererat! The rabid rat bites! (2x) The sewer rat bites! (2x) The wererat hits! Katia bites the giant rat. The giant rat is killed! Katia grows up into a housecat! [HP-17=3] You miss the wererat. The rabid rat bites! The rabid rat's bite was poisoned! Your movements are slowed slightly because of your load. You feel very sick! You die... Final status: Aloha Arrhythmia the Tourist... You died in The Dungeons of Doom on dungeon level 3 with 742 points, and 917 pieces of gold, after 2053 moves. You were level 4 with a maximum of 35 hit points when you died.